 Dungeon Crawl Stone Soup version 0.30.1-9-gdf580d7c3d (webtiles) character file.

Game seed: 18189207493893581258

1225 Peloso the Slasher (level 8, -2/70 HPs)
             Began as a Minotaur Fighter on Oct 12, 2023.
             Slain by a gnoll sergeant
             ... wielding a +0 trident of protection
              (9 damage)
             ... on level 5 of the Dungeon.
             The game lasted 00:09:19 (4828 turns).

Peloso the Slasher (Minotaur Fighter)               Turns: 4828, Time: 00:09:19

Health: -2/70      AC:  7    Str: 21    XL:     8   Next: 23%
Magic:  7/7        EV: 12    Int:  5    God:
Gold:   63         SH:  5    Dex: 18    Spells: 7/7 levels left

rFire   . . .        a - +0 long sword (venom)
rCold   . . .        (no shield)
rNeg    . . .        b - +0 scale mail
rPois   .            (helmet restricted)
rElec   .            (no cloak)
rCorr   +            (no gloves)
SInv    .            (no boots)
Will    .....        C - amulet of reflection Stlth
                     n - +6 ring of dexterity
HPRegen 0.31/turn    i - ring of resist corrosion
MPRegen 0.10/turn

%: reflection
@: no status effects
A: horns 2, retaliatory headbutt
a: no special abilities


You were on level 5 of the Dungeon.
You visited 1 branch of the dungeon, and saw 5 of its levels.
You also visited: Sewer.

You collected 198 gold pieces.
You spent 135 gold pieces at shops.

Inventory:

Hand Weapons
 a - a +0 long sword of venom (weapon)
Armour
 b - a +0 scale mail (worn)
 c - a +0 buckler
Jewellery
 i - a ring of resist corrosion (right hand)
 n - a +6 ring of dexterity (left hand)
 o - a ring of see invisible
 A - a ring of ice
 C - an amulet of reflection (around neck)
 D - a +5 ring of evasion
Scrolls
 e - 3 scrolls of amnesia
 g - 2 scrolls of poison
 h - 6 scrolls of teleportation
 l - a scroll of immolation
 p - 2 scrolls of blinking
 q - a scroll of enchant weapon
 r - a scroll of noise
 s - a scroll of fog
 t - 2 scrolls of magic mapping
 u - a scroll of enchant armour {unknown}
 v - a scroll of silence {unknown}
 y - 2 scrolls of vulnerability {unknown}
Potions
 f - a potion of heal wounds
 j - a potion of cancellation
 k - 3 potions of resistance {unknown}
 m - 2 potions of brilliance
 w - 2 potions of mutation {unknown}
 x - 2 potions of haste
 z - a potion of degeneration {unknown}
 B - a potion of lignification {unknown}


   Skills:
 + Level 6.2 Fighting
 + Level 7.1 Long Blades
 + Level 7.0 Armour
 + Level 3.5 Dodging
 + Level 5.3 Shields


You had 7 spell levels left.
You didn't know any spells.
Your spell library contained the following spells:

 Spells                   Type           Power      Damage    Failure   Level
 Apportation              Tloc           0%         N/A       78%         1
 Necrotise                Necr           0%         1d4       78%         1
 Summon Small Mammal      Summ           0%         N/A       78%         1
 Passwall                 Tmut/Erth      0%         N/A       89%         2
 Dazzling Flash           Conj/Hex       0%         N/A       98%         3
 Hailstorm                Conj/Ice       0%         3d3       98%         3
 Volatile Blastmotes      Fire/Tloc      0%         2d10      98%         3
 Ice Form                 Ice/Tmut       0%         N/A       100%        4
 Iskenderun's Mystic Bla  Conj/Tloc      0%         2d3       100%        4
 Borgnjor's Vile Clutch   Necr/Erth      0%         N/A       100%        5
 Simulacrum               Ice/Necr       0%         N/A       100%        6
 Starburst                Conj/Fire      0%         6d3       100%        6
 Statue Form              Tmut/Erth      0%         N/A       100%        6


Dungeon Overview and Level Annotations

Branches:
Dungeon (5/15)              Sewer (visited)
 Temple: D:4-7

Altars:
Ashenzari
Cheibriados
Elyvilon
Kikubaaqudgha
Makhleb
Sif Muna
Uskayaw
Vehumet

Shops:
D:3 ?   D:5 *

Annotations:
D:3 Dig - 2 transporters
D:4 2 transporters


Innate Abilities, Weirdness & Mutations

You have a pair of horns on your head.
You reflexively headbutt those who attack you in melee.


Message History

Things that are here:
a +0 hand axe; a +0 chain mail; a scroll labelled CENOONI DEIGG You closely miss the orc.
You block the orc's attack.
You slash the orc!
You kill the orc!
You slash the orc!
You kill the orc!
Items here: )) [[.
Items here: )) [[.
y - 2 scrolls labelled CENOONI DEIGG (gained 1)
Things that are here:
a +0 hand axe; a +0 chain mail
Okay, then.
You drop a potion of might.
Keep disrobing? [Y]es or [N]o only, please.
Keep disrobing?
You start removing your armour.
You continue taking off your +0 buckler.
The gnoll sergeant shouts!
You hear an angry hiss.
You continue taking off your +0 buckler. x3
The gnoll sergeant hits you from afar with a +0 trident of protection!
You finish taking off your +0 buckler.
The gnoll sergeant hits you with a +0 trident of protection.
Things that are here:
a +0 hand axe; a +0 chain mail You slash the gnoll sergeant!
Your headbutt misses the gnoll sergeant.
The gnoll sergeant is moderately wounded.
The gnoll sergeant hits you with a +0 trident of protection!
* * * LOW HITPOINT WARNING * * *
You hit the gnoll sergeant.
The gnoll sergeant is poisoned.
Your headbutt misses the gnoll sergeant.
The gnoll sergeant is heavily wounded.
The gnoll sergeant hits you with a +0 trident of protection!
* * * LOW HITPOINT WARNING * * *
You hit the gnoll sergeant.
The gnoll sergeant is heavily wounded.
The gnoll sergeant hits you with a +0 trident of protection!
You die...

# #............##. # .#
#............... ## #'# #
#............... .####.o# ###'
#...##.......... ...#....##..##
#.#.#######.#... .#.# ..o....#
###.## #.#... .#.## #....#
##..######.....
.#..######.†#######..........#...
###......##'#>.g@.!.)............
#########...#####......#####...
##### #......# #... #......# #...
#<.....# #... #......# #.#.
######## #.#. #.#. #...


You could see a gnoll sergeant (very poisoned).

Vanquished Creatures
  A black bear (D:4)
  An orc warrior (D:5)
  An ogre (D:4)
  5 kobold brigands (Sewer)
  2 scorpions
  2 hounds (D:5)
  An orc priest (D:3)
  A jelly (D:5)
  Jessica (D:2)
  Terence (D:2)
  Robin (D:2)
  11 gnolls
  6 adders
  A white imp (D:4)
  An ufetubus (D:4)
  5 worms
  A dart slug (D:4)
  9 orcs
  7 ball pythons
  8 endoplasms
  6 giant cockroaches
  12 goblins
  7 hobgoblins
  6 jackals
  2 quokkas
  5 bats (D:1)
  4 frilled lizards
  10 kobolds
  12 rats
130 creatures vanquished.

Notes
Turn   | Place    | Note
-------+----------+-------------------------------------------
     0 | D:1      | Peloso the Minotaur Fighter began the quest for the Orb.
     0 | D:1      | Reached XP level 1. HP: 19/19 MP: 0/0
    59 | D:1      | You fall into a shaft and drop 1 floor!
   123 | D:2      | Noticed Terence
   132 | D:2      | Reached XP level 2. HP: 25/27 MP: 1/1
   144 | D:2      | Killed Terence
   145 | D:2      | Reached XP level 3. HP: 19/33 MP: 2/2
   217 | D:2      | Noticed Jessica
   233 | D:2      | Killed Jessica
   234 | D:2      | Reached XP level 4. HP: 19/41 MP: 3/3
   437 | D:2      | Noticed Robin
   452 | D:2      | Reached skill level 1 in Dodging
   610 | D:2      | Killed Robin
   672 | D:2      | Reached XP level 5. HP: 43/47 MP: 4/4
  1983 | D:3      | Found a faded altar of an unknown god.
  2026 | D:3      | Found a transporter.
  2027 | D:3      | Found a transporter.
  2084 | D:3      | Got the Compendium of the Volcano
  2091 | D:3      | Found a radiant altar of Vehumet.
  2092 | D:3      | Found a burning altar of Makhleb.
  2094 | D:3      | Found a broken altar of Ashenzari.
  2209 | D:3      | Found a shimmering blue altar of Sif Muna.
  2216 | D:3      | Found Ronaxzos's Magic Scroll Shop.
  2224 | D:3      | Bought a scroll of noise for 13 gold pieces
  2224 | D:3      | Bought a scroll of teleportation for 39 gold pieces
  2224 | D:3      | Bought a scroll of fog for 52 gold pieces
  2305 | D:3      | Reached skill level 5 in Fighting
  2505 | D:3      | Found a faded altar of an unknown god.
  2509 | D:3      | Found a hide-covered altar of Uskayaw.
  2589 | D:3      | Reached skill level 5 in Long Blades
  2589 | D:3      | Reached XP level 6. HP: 56/56 MP: 5/5
  2842 | D:4      | Reached skill level 5 in Armour
  2867 | D:4      | Found a transporter.
  2892 | D:4      | Found a glowing drain.
  2939 | D:4      | HP: 2/56 [scorpion (2)]
  2965 | Sewer    | Entered a sewer
  2990 | Sewer    | Reached XP level 7. HP: 14/61 MP: 6/6
  3689 | Sewer    | Reached skill level 5 in Shields
  4059 | D:4      | Found a transporter.
  4246 | D:4      | Found a white marble altar of Elyvilon.
  4440 | D:5      | Entered Level 5 of the Dungeon
  4444 | D:5      | Reached XP level 8. HP: 67/70 MP: 7/7
  4545 | D:5      | Found a snail-covered altar of Cheibriados.
  4598 | D:5      | Found Eho Xib's Assorted Antiques.
  4607 | D:5      | Bought a puce potion for 31 gold pieces
  4628 | D:5      | Found an ancient bone altar of Kikubaaqudgha.
  4828 | D:5      | Slain by a gnoll sergeant

Illustrated notes

Levels and vault maps discovered:
D:1:      erik_arrival_blinker_ship, layout_basic
D:2:      layout_rooms, minmay_ruptured, uniq_jessica, uniq_terence, uniq_robin
D:3:      gammafunk_steamed_eel, layout_basic, grunt_temple_overflow_open,
          nicolae_overflow_ecumenical_swirl, serial_shops, shop, serial_glass,
          glass_columns_c, glass_columns_a, due_unseen_surprise,
          dreamdust_ecumenical_altar_angels_and_demons,
          nicolae_concentric_dashed_squares_wild
D:4:      gammafunk_wand_slinger, layout_cave_pools,
          mainiacjoe_overflow_six_doors_small, gup_sewer_entry_glass
D:5:      minmay_bubble_buster, layout_rooms, mainiacjoe_overflow_cross_hatched,
          cheibriados_altar_1, serial_shops, shop

Skill      XL: |  1  2  3  4  5  6  7  8 |
---------------+-------------------------+-----
Fighting       | 4 5 6 |  6.2
Long Blades    | 3 4 5 6 7 |  7.1
Armour         | 4 5 6 7 |  7.0
Shields        | 4 5 |  5.3
Dodging        | 1 2 3 |  3.5

Action                     |  1- 3 |  4- 6 |  7- 9 || total
---------------------------+-------+-------+-------++-------
  Melee: Long sword        |    51 |   188 |   110 ||   349
         Headbutt          |     8 |    28 |    20 ||    56
    Use: Scroll            |       |     6 |     7 ||    13
         Potion            |       |     2 |     1 ||     3
 Armour: Scale mail        |    23 |    84 |    34 ||   141
  Dodge: Dodged            |    22 |   108 |    33 ||   163
  Block: Buckler           |    20 |    47 |    27 ||    94
